 Dungeon Crawl Stone Soup version 0.26.1-11-gd32895ea62 (webtiles) character file.

Game seed: 7023061310575556307

63335 buriedalive the Nimble (level 14, -1/94 HPs)
             Began as a Deep Elf Ice Elementalist on June 23, 2021.
             Was an Elder of Ashenzari.
             Slain by an ettin
             ... wielding a cursed -3 dire flail
              (29 damage)
             ... on level 2 of the Orcish Mines on June 24, 2021.
             The game lasted 01:35:00 (36219 turns).

buriedalive the Nimble (Deep Elf Ice Elementalist) Turns: 36219, Time: 01:35:01

Health: -1/94      AC: 29    Str:  7    XL:     14   Next: 67%
Magic:  3/25       EV: 29    Int: 30    God:    Ashenzari [****..]
Gold:   605        SH:  0    Dex: 17    Spells: 9/25 levels left

rFire    . . .     SeeInvis +   v - +4 falchion of the Realm of Zot {vorpal, Int+4} (curse)
rCold    + + .     Faith    .   (no shield)
rNeg     . . .     Spirit   .   u - +2 robe {rC+ rF+}
rPois    +         Reflect  .   w - +2 helmet (curse)
rElec    .         Harm     .   I - +2 cloak (curse)
rCorr    .         Rampage  .   q - +2 pair of gloves
Will     +....     Clarity  +   m - +2 pair of boots (curse)
Stlth    +++.......             T - amulet of Satiuv {rPois Regen+ Str+2} (curse)
HPRegen  0.65/turn              M - ring of ice (curse)
MPRegen  0.19/turn              r - +4 ring of evasion (curse)

@: icy armour
A: agile 1, screaming 1, wild magic 1
a: Renounce Religion, Curse Item, Scrying


You were on level 2 of the Orcish Mines.
You worshipped Ashenzari.
Ashenzari was greatly pleased with you.
You visited 3 branches of the dungeon, and saw 20 of its levels.

You collected 1449 gold pieces.
You spent 844 gold pieces at shops.

Inventory:

Hand Weapons
 a - a +3 dagger of venom
 k - a +3 scimitar of protection
 v - the cursed +4 falchion of the Realm of Zot (weapon) {vorpal, Int+4}
   (You found it on level 12 of the Dungeon)

   It inflicts extra damage upon your enemies.
   It affects your intelligence (+4).
   It has a curse placed upon it.
 Y - a +1 lajatang of electrocution
Missiles
 c - 609 stones
 z - 111 poisoned darts (quivered)
 L - 6 curare-tipped darts
Armour
 m - a cursed +2 pair of boots (worn)
 q - a +2 pair of gloves (worn)
 u - a +2 robe of resistance (worn)
 w - a cursed +2 helmet (worn)
 A - a +2 robe of positive energy
 I - a cursed +2 cloak (worn)
 K - a +2 leather armour of willpower
 Q - the -4 buckler of Free Will {rF++}
   (You found it on level 9 of the Dungeon)

   It greatly protects you from fire.
 X - +1 fire dragon scales
Magical Staves
 N - an uncursed staff of earth
Jewellery
 j - an uncursed amulet of regeneration
 r - a cursed +4 ring of evasion (right hand)
 s - an uncursed ring of magical power
 C - an uncursed ring of positive energy
 M - a cursed ring of ice (left hand)
 O - a +6 ring of intelligence
 P - a +4 ring of slaying
 T - the cursed amulet of Satiuv (around neck) {rPois Regen+ Str+2}
   (You bought it in a shop on level 10 of the Dungeon)

   [amulet of regeneration]

   It affects your strength (+2).
   It protects you from poison.
   It increases your rate of regeneration.
   It has a curse placed upon it.
Wands
 x - a wand of iceblast (25)
 y - a wand of paralysis (5)
 B - a wand of polymorph (13)
 E - a wand of acid (7)
 F - a wand of disintegration (25)
 W - a wand of flame (16)
Scrolls
 b - 4 scrolls of fear
 d - a scroll of blinking
 e - a scroll of teleportation
 g - a scroll of silence
 h - a scroll of vulnerability
 l - 3 scrolls of magic mapping
 t - a scroll of fog
 J - 2 scrolls of remove curse
 R - a scroll of brand weapon
 U - a scroll of holy word
 V - 2 scrolls of amnesia
Potions
 f - 4 potions of haste
 i - a potion of resistance
 n - 4 potions of flight
 o - a potion of brilliance
 p - a potion of ambrosia
 D - 5 potions of curing
 H - a potion of heal wounds
 S - a potion of cancellation
 Z - 2 potions of mutation
Miscellaneous
 G - a box of beasts


   Skills:
 + Level 13.5 Fighting
 + Level 2.6 Armour
 - Level 14.4(16.3) Dodging
 - Level 2.4(4.2) Stealth
 - Level 6.0 Spellcasting
 + Level 2.1(4.8) Hexes
 - Level 10.0(13.2) Ice Magic
 - Level 14.0(17.1) Earth Magic


You had 9 spell levels left.
You knew the following spells:

 Your Spells              Type           Power        Failure   Level
a - Freeze                Ice            100%         1%          1
b - Frozen Ramparts       Ice            100%         1%          3
c - Ozocubu's Armour      Ice            100%         1%          3
d - Sandblast             Erth           100%         1%          1
e - Lee's Rapid Deconstr  Erth           49%          1%          5
f - Apportation           Tloc           30%          7%          1
g - Blink                 Tloc           N/A          10%         2

Your spell library contained the following spells:

 Spells                   Type           Power        Failure   Level
 Corona                   Hex            54%          1%          1
 Ensorcelled Hibernation  Hex/Ice        100%         1%          2
 Passwall                 Tmut/Erth      57%          1%          2
 Stone Arrow              Conj/Erth      100%         1%          3
 Slow                     Hex            49%          2%          2
 Petrify                  Tmut/Erth      69%          2%          4
 Confusing Touch          Hex            49%          4%          3
 Tukima's Dance           Hex            49%          4%          3
 Hailstorm                Conj/Ice       78%          5%          4
 Summon Ice Beast         Ice/Summ       78%          5%          4
 Animate Skeleton         Necr           30%          7%          1
 Foxfire                  Conj/Fire      60%          7%          1
 Magic Dart               Conj           60%          7%          1
 Sting                    Tmut/Pois      60%          7%          1
 Summon Small Mammal      Summ           60%          7%          1
 Borgnjor's Vile Clutch   Necr/Erth      34%          7%          5
 Dazzling Flash           Conj/Hex       64%          9%          3
 Inner Flame              Hex/Fire       32%          9%          3
 Call Imp                 Summ           15%          10%         2
 Poisonous Vapours        Pois/Air       30%          10%         2
 Conjure Flame            Conj/Fire      15%          19%         3
 Ignite Poison            Fire/Tmut/Pois 15%          19%         3
 Lesser Beckoning         Tloc           7%           19%         3
 Mephitic Cloud           Conj/Pois/Air  15%          19%         3
 Olgreb's Toxic Radiance  Pois           15%          47%         4
 Sticky Flame             Conj/Fire      15%          47%         4
 Animate Dead             Necr           7%           50%         4
 Simulacrum               Ice/Necr       39%          52%         6
 Alistair's Intoxication  Tmut/Pois      10%          82%         5
 Fireball                 Conj/Fire      7%           82%         5
 Freezing Cloud           Conj/Ice/Air   32%          82%         6
 Invisibility             Hex            49%          82%         6
 Death Channel            Necr           7%           100%        6
 Starburst                Conj/Fire      7%           100%        6
 Ignition                 Fire           7%           100%        8


Dungeon Overview and Level Annotations

Branches:
Dungeon (12/15)            Temple (0/1) D:7            Lair (6/6) D:8
  Swamp (0/4) Lair:2       Spider (0/4) Lair:4        Slime (0/5) Lair:6
    Orc (2/2) D:12
    Elf: Orc:2

Altars:
Ashenzari
Cheibriados
Dithmenos
Elyvilon
Gozag
Hepliaklqana
Makhleb
Nemelex Xobeh
Okawaru
Qazlal
Ru
Trog
Vehumet
Wu Jian
Xom
Yredelemnul
The Shining One
Beogh

Shops:
D:6 (   D:10 =   Orc:2 =*[

Portals:
Trove: D:11 (give +7 demon trident)

Annotations:
Lair:2 2 transporters, Haxyobbu's ghost, journeyman MiFi
Lair:4 exclusion: oklob plant
Lair:6 exclusion: 2 oklob plants
Orc:2 Donald


Innate Abilities, Weirdness & Mutations

You are agile. (Dex +2)
You occasionally shout uncontrollably at your foes.
Your spells are a little harder to cast, but a little more powerful.


Message History

The stone giant is almost dead.
The stone giant misses you.
You riposte.
You hit the stone giant but do no damage.
The stone giant is almost dead.
The stone giant completely misses you.
You riposte.
The orc sorcerer shouts!
You hit the stone giant.
The stone giant is almost dead.
You hit the stone giant but do no damage.
The stone giant is almost dead.
The ettin hits you with a cursed -3 dire flail!
* * * LOW HITPOINT WARNING * * *
The ettin hits you with a +0 dire flail!!
* * * LOW HITPOINT WARNING * * *
The stone giant barely misses you.
You riposte.
You hit the stone giant but do no damage.
The stone giant is almost dead.
You feel much better.
The ettin hits you with a cursed -3 dire flail!!
You die...

...................#*
.$.................#
...........o......##
............oo.....#
............C.###.##
........$.....##**#
...............#
#.............)###
$..........o...C@#*
,,, .........CC.# ,,
,#..........## ,,, ,
..$.....#### ,* *
#.....###* , *
#....** ** . , *
###.. , .,,, * #*
*,** . * ,


You could see a stone giant, an ettin, a cyclops and an orc sorcerer.

Vanquished Creatures
  Rupert (Lair:4)
  An ettin (Orc:2)
  Snorg (Lair:4)
  The ghost of Tirrikindir the Spear-Bearer, a journeyman FoFi of Ashenzari (D:12)
  Erolcha (D:9)
  7 hydras
  A boulder beetle (D:11)
  2 death knights
  5 two-headed ogres
  Sonja (Lair:5)
  The ghost of Eryximachus the Destroyer, a novice OpCj of Gozag (D:9)
  A bog body (Lair:2)
  Pikel (D:7)
  A deep elf mage (D:11)
  A manticore (D:12)
  2 ugly things
  4 cyclopes
  4 black mambas
  A centaur zombie (D:12)
  Maurice (D:9)
  A torpor snail (Lair:3)
  Maggie (D:9)
  14 cane toads
  4 rime drakes
  A kobold demonologist (D:11)
  7 gargoyles
  2 freezing wraiths
  10 komodo dragons
  3 jumping spiders (Lair:4)
  4 trolls
  4 hornets (Lair:6)
  8 polar bears
  9 blink frogs
  9 dream sheep (Lair:6)
  A centaur simulacrum (D:11)
  3 wyverns
  4 redbacks (Lair:4)
  11 spriggans (Lair:6)
  A shadow (D:12)
  30 yaks
  Eustachio (D:4)
  Sigmund (D:4)
  3 wraiths
  8 vampire mosquitoes (D:12)
  4 fire bats (Lair:6)
  3 basilisks
  A warg (D:9)
  2 swamp worms (Lair:2)
  14 water moccasins
  15 orc warriors
  4 phantoms
  6 ice beasts
  5 black bears
  6 ogres
  2 sky beasts
  4 boggarts (Lair:6)
  4 lemures (D:7)
  36 wolves
  3 centaurs
  Blork the orc (D:5)
  6 big kobolds
  8 bullfrogs
  4 gnoll sergeants (D:7)
  A water moccasin zombie (D:8)
  A wyvern skeleton (D:6)
  A scorpion (D:10)
  9 wights
  5 killer bees (D:8)
  3 howler monkeys
  7 electric eels
  A bullfrog zombie (D:9)
  12 orc priests
  9 hounds
  5 jellies
  3 bullfrog skeletons
  3 iguanas
  19 orc wizards
  Natasha (twice) (D:2)
  A gnoll shaman (D:7)
  5 worker ants
  A worker ant zombie (D:9)
  19 gnolls
  12 adders
  2 shadow imps
  3 white imps
  3 ufetubi
  3 worms
  2 dart slugs
  6 leopard geckos
  57 orcs
  9 bats
  8 giant cockroaches
  4 goblins
  8 hobgoblins
  7 jackals
  18 kobolds
  3 quokkas
  2 ball pythons
  8 frilled lizards
  A jackal skeleton (D:4)
  A quokka skeleton (D:7)
  13 rats
583 creatures vanquished.

Vanquished Creatures (others)
  35 fungi
  152 plants
187 creatures vanquished.

Grand Total: 770 creatures vanquished

Notes
Turn   | Place    | Note
-------+----------+-------------------------------------------
     0 | D:1      | buriedalive the Deep Elf Ice Elementalist began the quest
                  | for the Orb.
     0 | D:1      | Reached XP level 1. HP: 10/10 MP: 6/6
   133 | D:1      | Reached XP level 2. HP: 15/15 MP: 2/8
   670 | D:1      | Reached skill level 5 in Ice Magic
   670 | D:1      | Reached XP level 3. HP: 16/19 MP: 5/9
  1283 | D:2      | Found a glowing golden altar of the Shining One.
  1439 | D:2      | Noticed Natasha
  1444 | D:2      | Killed Natasha
  1445 | D:2      | Reached XP level 4. HP: 2/24 MP: 6/10
  2423 | D:2      | Noticed Natasha
  2440 | D:2      | Killed Natasha
  2441 | D:2      | Reached XP level 5. HP: 3/28 MP: 6/11
  3496 | D:2      | Found a burning altar of Makhleb.
  3861 | D:3      | Reached skill level 5 in Dodging
  4469 | D:3      | You fall into a shaft and drop 3 floors!
  4486 | D:6      | Reached XP level 6. HP: 14/32 MP: 8/12
  4681 | D:6      | Found Niollir's Antique Weapon Boutique.
  4683 | D:5      | Entered Level 5 of the Dungeon
  4861 | D:5      | Found a radiant altar of Vehumet.
  4945 | D:5      | Noticed Blork the orc
  5210 | D:3      | Found a basalt altar of Yredelemnul.
  5463 | D:3      | Found a snail-covered altar of Cheibriados.
  5474 | D:3      | Learned a level 3 spell: Frozen Ramparts
  5478 | D:3      | Learned a level 3 spell: Ozocubu's Armour
  5480 | D:3      | Learned a level 1 spell: Sandblast
  6030 | D:4      | Noticed Eustachio
  6043 | D:4      | Killed Eustachio
  6044 | D:4      | Reached XP level 7. HP: 34/36 MP: 1/13
  6356 | D:4      | Noticed Sigmund
  6369 | D:4      | Killed Sigmund
  6918 | D:4      | Found a sacrificial altar of Ru.
  7080 | D:4      | Found an iron altar of Okawaru.
  7253 | D:5      | Killed Blork the orc
  7492 | D:5      | Reached XP level 8. HP: 16/41 MP: 10/14
  8224 | D:5      | Found a bloodstained altar of Trog.
  9616 | D:6      | Found a hazy altar of Hepliaklqana.
 10303 | D:6      | Found a shadowy altar of Dithmenos.
 10332 | D:6      | Found an ornate altar of the Wu Jian Council.
 10400 | D:6      | Found a sparkling altar of Nemelex Xobeh.
 10401 | D:6      | Found an opulent altar of Gozag.
 10448 | D:6      | Found a white marble altar of Elyvilon.
 10450 | D:6      | Found a broken altar of Ashenzari.
 10453 | D:6      | Became a worshipper of Ashenzari the Shackled
 10841 | D:7      | Found a staircase to the Ecumenical Temple.
 10853 | D:7      | Reached skill level 10 in Dodging
 10859 | D:7      | Reached skill level 10 in Ice Magic
 10875 | D:7      | Reached XP level 9. HP: 39/45 MP: 2/15
 11335 | D:7      | Reached skill level 1 in Earth Magic
 11721 | D:7      | Noticed a gargoyle
 11729 | D:7      | Killed a gargoyle
 12042 | D:7      | Noticed a gargoyle
 12046 | D:7      | Killed a gargoyle
 12090 | D:7      | Noticed a gargoyle
 12099 | D:7      | Killed a gargoyle
 12245 | D:7      | Noticed a gargoyle
 12250 | D:7      | Killed a gargoyle
 12251 | D:7      | Reached skill level 5 in Earth Magic
 12498 | D:7      | Noticed Pikel
 12576 | D:7      | Found a stormy altar of Qazlal.
 12723 | D:7      | Killed Pikel
 12724 | D:7      | Reached XP level 10. HP: 50/50 MP: 8/16
 12937 | D:7      | Learned a level 5 spell: Lee's Rapid Deconstruction
 13250 | D:7      | Gained mutation: You are agile. (Dex +2) [potion of
                  | mutation]
 13250 | D:7      | Gained mutation: You have a pair of small horns on your
                  | head. [potion of mutation]
 13997 | D:8      | Found a staircase to the Lair.
 14274 | D:9      | Noticed Maggie
 14297 | D:9      | Identified the +1 ring mail of Vivin {Rampage rF+ Stlth+}
 14331 | D:9      | Learned a level 1 spell: Apportation
 14384 | D:9      | Noticed Erolcha
 14402 | D:9      | Killed Erolcha
 14538 | D:9      | Noticed Maurice
 14547 | D:9      | Killed Maurice
 14621 | D:9      | Found a runed translucent gate.
 14621 | D:9      | Found a runed translucent gate.
 14621 | D:9      | Found a runed translucent gate.
 14624 | D:9      | Noticed Eryximachus's ghost (novice OpCj)
 14627 | D:9      | Identified the cursed +1 dire flail of Understanding {elec,
                  | MP+9 Str-2 Dex+4}
 14627 | D:9      | Identified the +14 plate armour of the Desert {rPois Regen+
                  | SInv Stlth-}
 14628 | D:9      | Found a roughly hewn altar of Beogh.
 14634 | D:9      | Found a shimmering altar of Xom.
 15013 | D:9      | Killed Maggie
 15567 | D:10     | Entered Level 10 of the Dungeon
 15805 | D:10     | Reached * piety under Ashenzari
 16080 | D:10     | Reached XP level 11. HP: 48/54 MP: 17/17
 16666 | D:10     | Found Jolocki's Jewellery Shoppe.
 16777 | D:10     | Bought an uncursed ring of ice for 300 gold pieces
 16968 | D:10     | Learned a level 2 spell: Blink
 17462 | D:9      | Got the cursed buckler of Free Will {rF++}
 17529 | D:10     | Identified the cursed -4 buckler of Free Will {rF++} (You
                  | found it on level 9 of the Dungeon)
 17602 | D:11     | Noticed a two-headed ogre
 17615 | D:11     | Noticed a death knight
 17799 | D:11     | Reached skill level 10 in Earth Magic
 17833 | D:11     | Noticed a brown ugly thing
 17836 | D:11     | Reached skill level 1 in Fighting
 17841 | D:11     | Killed a brown ugly thing
 17887 | D:11     | Noticed a boulder beetle
 17910 | D:11     | Killed a boulder beetle
 18250 | Lair:1   | Entered Level 1 of the Lair of Beasts
 18472 | Lair:1   | Noticed a seven-headed hydra
 18484 | Lair:1   | Killed a seven-headed hydra
 18903 | Lair:1   | Reached ** piety under Ashenzari
 19250 | Lair:1   | Reached skill level 5 in Fighting
 19817 | D:9      | Killed Eryximachus's ghost
 20150 | Lair:2   | Lost mutation: You have a pair of small horns on your head.
                  | [potion of mutation]
 20150 | Lair:2   | Gained mutation: You occasionally shout uncontrollably at
                  | your foes. [potion of mutation]
 20150 | Lair:2   | Gained mutation: Your spells are a little harder to cast,
                  | but a little more powerful. [potion of mutation]
 20404 | Lair:2   | Reached XP level 12. HP: 56/71 MP: 11/18
 20799 | Lair:2   | Found a transporter.
 20804 | Lair:2   | Found a transporter.
 20806 | Lair:2   | Noticed Haxyobbu's ghost (journeyman MiFi)
 21724 | Lair:2   | Found a staircase to the Swamp.
 22680 | Lair:3   | Noticed a death yak
 23301 | Lair:3   | Reached *** piety under Ashenzari
 23325 | Lair:4   | Noticed a five-headed hydra
 23339 | Lair:4   | Killed a five-headed hydra
 23340 | Lair:4   | Reached skill level 10 in Fighting
 23668 | Lair:4   | Noticed a seven-headed hydra
 23682 | Lair:4   | Killed a seven-headed hydra
 23819 | Lair:4   | Noticed Snorg
 23843 | Lair:4   | Killed Snorg
 23975 | Lair:4   | Found a hole to the Spider Nest.
 24050 | Lair:4   | Identified the cursed +0 flail of Gallantry {chaos, Str+2}
 24057 | Lair:4   | Noticed Rupert
 24518 | Lair:4   | Noticed a five-headed hydra
 24534 | Lair:4   | Killed a five-headed hydra
 24535 | Lair:4   | Reached XP level 13. HP: 53/84 MP: 5/20
 25186 | Lair:4   | Paralysed by Rupert for 7 turns
 25202 | Lair:4   | Killed Rupert
 25203 | Lair:4   | Reached skill level 5 in Spellcasting
 25729 | Lair:5   | Noticed Sonja
 25744 | Lair:5   | Killed Sonja
 26084 | Lair:5   | Reached **** piety under Ashenzari
 26579 | Lair:6   | Entered Level 6 of the Lair of Beasts
 27136 | Lair:6   | Found a staircase to the Slime Pits.
 30042 | Lair:6   | Reached XP level 14. HP: 75/92 MP: 20/25
 31508 | D:10     | Bought the amulet of Satiuv {rPois Regen+ Str+2} for 544
                  | gold pieces
 32234 | D:11     | Found a portal to a secret trove of treasure.
 34912 | D:12     | Reached skill level 1 in Armour
 35178 | D:12     | Found a runed translucent gate.
 35178 | D:12     | Found a runed translucent gate.
 35179 | D:12     | Found a runed translucent gate.
 35193 | D:12     | Noticed Tirrikindir's ghost (journeyman FoFi)
 35249 | D:12     | Killed Tirrikindir's ghost
 35393 | D:12     | Identified the +4 falchion of the Realm of Zot {vorpal,
                  | Int+4}
 35559 | D:12     | Found a staircase to the Orcish Mines.
 35753 | Orc:1    | Entered Level 1 of the Orcish Mines
 35784 | Orc:1    | Found a roughly hewn altar of Beogh.
 36055 | Orc:2    | Entered Level 2 of the Orcish Mines
 36057 | Orc:2    | Noticed a stone giant
 36134 | Orc:2    | Found Kusomes's Antique Armour Shoppe.
 36148 | Orc:2    | Found Hoacoi's General Store.
 36164 | Orc:2    | Reached skill level 1 in Hexes
 36183 | Orc:2    | Found Zaosev's Jewellery Emporium.
 36183 | Orc:2    | Noticed Donald
 36218 | Orc:2    | HP: 3/94 [ettin/cursed -3 dire flail (22)]
 36219 | Orc:2    | Slain by an ettin

Illustrated notes

Levels and vault maps discovered:
D:1:      onia_arrival_pyramid, layout_basic, hangedman_decor_opposing
D:2:      layout_basic, old_standard_altar, lightli_temple_of_fire,
          grunt_ministairs_9, minmay_goblin_kobold_house, uniq_natasha
D:3:      layout_loops_cross, lemuel_coloured_pillars_altar,
          lemuel_crystal_altar
D:4:      layout_basic, lemuel_round_altar, general_overflow_altar,
          uniq_sigmund, uniq_eustachio
D:5:      layout_layer_cave, kennysheep_mini_moat, lemuel_doored_altar,
          uniq_blork_the_orc
D:6:      layout_cave_pools, grunt_temple_overflow_opulence,
          nicolae_overflow_hidden_temple, minitemple, serial_shops, shop,
          nicolae_dithmenos_the_darkroom
D:7:      cheibrodos_statue_roulette, layout_cave_pods,
          nicolae_qazlal_general_emergency, minmay_temple_entry_large_hall,
          serial_gnoll_camp, gnoll_camp_mini_hut, gnoll_camp_mini_basic,
          gnoll_camp_mini_hut, gnoll_camp_mini_hut, gnoll_camp_mini_hut,
          uniq_pikel
D:8:      layout_rooms, lair_entry_dummy
D:9:      layout_long_grid, kennysheep_mini, biasface_ghost_orc_armoury,
          uniq_maurice, uniq_maggie, uniq_erolcha
D:10:     layout_basic, serial_shops, shop, kennysheep_boxes
D:11:     layout_loops_cross, nicolae_trove_entry_crystal, minmay_diamond_spiral
D:12:     minmay_evil_eye, layout_cave_pools, ebering_ghost_rock_garden
Lair:1:   layout_roguey, cheibrodos_lair_reptile_den
Lair:2:   layout_small_grid, nicolae_swamp_entry_splash_gauntlet,
          gammafunk_ghost_hive
Lair:3:   layout_cave_pods
Lair:4:   layout_misc_corridors, nicolae_spider_entry_tight_spaces,
          serial_bayou_ford_a, grunt_megastairs_3, uniq_snorg, uniq_rupert
Lair:5:   layout_misc_corridors, infiniplex_staircase_pool_2, uniq_sonja
Lair:6:   minmay_lair_end_enchanted_forest, layout_gridlike,
          minmay_slime_entry_oklob_open, serial_bayou, serial_bayou_pond_c,
          serial_bayou_lake_a, serial_bayou_shore_a, serial_bayou_pond_c,
          serial_bayou_pond_c, lemuel_fruit_tree
Orc:1:    layout_diamond_mine, basic_altar
Orc:2:    grunt_orc_gardens, layout_caves, grunt_orc_garden, grunt_orc_garden,
          grunt_orc_garden, grunt_orc_garden, uniq_donald

Skill      XL: |  1  2  3  4  5  6  7  8  9 10 11 12 13 14 |
---------------+-------------------------------------------+-----
Dodging        | 3 4 5 6 8 10 12 14 | 14.4
Ice Magic      | 5 6 7 8 10 | 10.0
Earth Magic    | 6 9 10 12 14 | 14.0
Fighting       | 6 11 12 13 | 13.5
Spellcasting   | 6 |  6.0
Armour         | 2 |  2.6
Hexes          | 2 |  2.1
Stealth        | |  2.4

Action                   |  1- 3 |  4- 6 |  7- 9 | 10-12 | 13-15 || total
-------------------------+-------+-------+-------+-------+-------++-------
Melee: Short sword       |    11 |       |       |       |       ||    11
       Dagger            |    21 |    97 |   292 |   583 |   542 ||  1535
       Headbutt          |       |       |       |    47 |       ||    47
       Falchion          |       |       |       |       |    43 ||    43
Throw: Dart              |       |       |     6 |     9 |    12 ||    27
       Stone             |       |       |       |       |     1 ||     1
 Cast: Freeze            |    41 |    82 |    12 |    49 |    81 ||   265
       Sandblast         |       |     4 |    33 |    55 |    69 ||   161
       Frozen Ramparts   |       |     3 |    36 |    90 |    71 ||   200
       Ozocubu's Armour  |       |     1 |    25 |    53 |    54 ||   133
       Lee's Rapid Decon |       |       |       |    11 |    47 ||    58
       Blink             |       |       |       |     1 |       ||     1
Invok: Curse Item        |       |       |     3 |     3 |     2 ||     8
Evoke: Wand              |       |       |     3 |     3 |     4 ||    10
  Use: Potion            |       |       |     3 |     7 |     5 ||    15
       Scroll            |       |       |    16 |    13 |    11 ||    40
 Stab: Sleeping          |     4 |     7 |     5 |     5 |     7 ||    28
Armor: Robe              |    30 |    24 |    56 |   149 |   165 ||   424
       Leather armour    |       |       |     2 |       |       ||     2
Dodge: Dodged            |    57 |   120 |   271 |   831 |  1230 ||  2509
       Rpst.: Falchion   |       |       |       |       |    23 ||    23
